 Dungeon Crawl Stone Soup version 0.23-a0-241-g3b46b07 (webtiles) character file.

20 galech the Skirmisher (level 2, -4/24 HPs)
             Began as a Demonspawn Fighter on Sept 26, 2018.
             Killed from afar by Sigmund (5 damage)
             ... with a magic dart
             ... on level 2 of the Dungeon.
             The game lasted 00:00:41 (445 turns).

galech the Skirmisher (Demonspawn Fighter)           Turns: 445, Time: 00:00:42

Health: -4/24      AC:  6    Str: 16    XL:     2   Next: 58%
Magic:  2/2        EV:  6    Int:  9    God:
Gold:   26         SH:  0    Dex: 12    Spells: 1/1 levels left

rFire    . . .     SeeInvis .   a - +0 war axe
rCold    . . .     Gourm    .   c - +0 shield
rNeg     . . .     Faith    .   b - +0 scale mail
rPois    .         Spirit   .   (no helmet)
rElec    .         Reflect  .   (no cloak)
rCorr    .         Harm     .   (no gloves)
MR       .....                  (no boots)
Stlth    ..........             (no amulet)
HPRegen  0.08/turn              (no ring)
MPRegen  0.08/turn              (no ring)

@: confused
A: demonic guardian 1
a: no special abilities


You were on level 2 of the Dungeon.
You were not hungry.

You visited 1 branch of the dungeon, and saw 2 of its levels.

You collected 26 gold pieces.

Inventory:

Hand Weapons
 a - a +0 war axe (weapon)
Armour
 b - a +0 scale mail (worn)
 c - a +0 shield (worn)
Scrolls
 g - 3 scrolls of identify {unknown}
 i - 2 scrolls of teleportation {unknown}
 j - a scroll of random uselessness {unknown}
 l - a scroll of amnesia {unknown}
Potions
 d - a potion of might
 e - a potion of flight {unknown}
 k - a potion of heal wounds {unknown}
Comestibles
 f - a ration
 h - 3 chunks of flesh


   Skills:
 + Level 3.1 Fighting
 + Level 2.1 Axes
 + Level 3.0 Armour
 + Level 0.1 Dodging
 + Level 2.8 Shields


You had one spell level left.
You didn't know any spells.
Your spell library was empty.

Dungeon Overview and Level Annotations

Branches:
Dungeon (2/15)

Altars:

Annotations:
D:2 Sigmund


Innate Abilities, Weirdness & Mutations

A weak demonic guardian rushes to your aid.


Message History

You miss something.
You hear some strange, mumbled words.
You are confused.
Something completely misses you.
You're too confused to move!
You're too confused to move!
You hear some strange, mumbled words.
You are more confused.
You closely miss something. Something hits you.
You bump into the rock wall.
Something hits you.
You hear some strange, mumbled words.
You are more confused.
Something hits you!
Ouch! That really hurt!
* * * LOW HITPOINT WARNING * * *
You bump into the rock wall.
Unknown command.
A magic dart appears from out of thin air!
The magic dart hits you!
You die...

##### #...#
#...# #...####..
#........ #{...#
#..@# #.5.#
####...# #.
##..!...###...
###...#.........
#............###
...###.##..###
..####.##.## .
........#


You could see a friendly white imp.

Vanquished Creatures
  2 leopard geckos (D:1)
  A goblin (D:1)
  6 hobgoblins
  2 bats
  2 frilled lizards (D:1)
  A kobold (D:1)
  3 rats (D:1)
17 creatures vanquished.

Notes
Turn   | Place    | Note
-------+----------+-------------------------------------------
     0 | D:1      | galech the Demonspawn Fighter began the quest for the Orb.
     0 | D:1      | Reached XP level 1. HP: 18/18 MP: 1/1
   100 | D:1      | Gained mutation: A weak demonic guardian rushes to your
                  | aid. [demonic ancestry]
   100 | D:1      | Reached XP level 2. HP: 19/24 MP: 2/2
   430 | D:2      | Noticed Sigmund
   443 | D:2      | HP: 1/24 [something (14)]
   445 | D:2      | Killed from afar by Sigmund

Vault maps used:
D:1:      grunt_arrival_crossed_arrows
D:2:      uniq_terence, uniq_sigmund

Skill      XL: |  1  2 |
---------------+-------+-----
Axes           | 2 |  2.1
Armour         | 3 |  3.0
Fighting       | |  3.1
Dodging        | |  0.1
Shields        | |  2.8

Action                   || total
-------------------------++-------
Melee: War axe           ||    41
Armor: Scale mail        ||    23
Dodge: Dodged            ||    14
Block: Shield            ||    18

Table legend:
 A = Non-vault XP
 B = Vault XP
 C = Vault XP percentage of total XP
 D = Non-vault monster count
 E = Vault monster count
 F = Vault count percentage of total count
                 A         B        C        D         E       F
            +---------+---------+-------+---------+---------+-------
      Total |      29 |       0 |   0.0 |      17 |       0 |   0.0
            +---------+---------+-------+---------+---------+-------
        D:1 |      25 |       0 |   0.0 |      15 |       0 |   0.0
        D:2 |       4 |       0 |   0.0 |       2 |       0 |   0.0
            +---------+---------+-------+---------+---------+-------
